 Dungeon Crawl Stone Soup version 0.22-a0-388-g09e6169 (webtiles) character file.

4 Mgcat the Insei (level 1, 0/13 HPs)
             Began as an Octopode Transmuter on Apr 29, 2018.
             Slain by a hobgoblin
             ... wielding a +0 club
              (1 damage)
             ... on level 1 of the Dungeon.
             The game lasted 00:00:31 (38 turns).

Mgcat the Insei (Octopode Transmuter)                 Turns: 38, Time: 00:00:32

Health: 0/13       AC:  1    Str:  9    XL:     1   Next: 60%
Magic:  2/3        EV: 13    Int: 15    God:
Gold:   0          SH:  0    Dex: 12    Spells: 3/4 levels left

rFire    . . .     SeeInvis .     - Unarmed
rCold    . . .     Gourm    .   (no shield)
rNeg     . . .     Faith    .   (helmet restricted)
rPois    .         Spirit   .   (no amulet)
rElec    .         Reflect  .   (no ring)
rCorr    .         Harm     .   (no ring)
MR       .....                  (no ring)
Stlth    ++........             (no ring)
HPRegen  0.04/turn              (no ring)
MPRegen  0.08/turn              (no ring)
                                (no ring)
                                (no ring)

@: appendage
A: almost no armour, stealthy swim, amphibious, 8 rings, constrict 8, tentacle
spike 3, camouflage 1, gelatinous body 1
a: End Transformation


You were on level 1 of the Dungeon.
You were not hungry.
One of your tentacles had a temporary spike.
You visited 1 branch of the dungeon, and saw 1 of its levels.

Inventory:

Missiles
 a - 12 arrows
Comestibles
 c - a ration


   Skills:
 - Level 1.0 Fighting
 - Level 2.0 Dodging
 + Level 3.1 Unarmed Combat
 - Level 2.0 Spellcasting
 + Level 2.2 Transmutations


You had 3 spell levels left.
You knew the following spells:

 Your Spells              Type           Power        Failure   Level  Hunger
a - Beastly Appendage     Tmut           #.....       9%          1    #......


Dungeon Overview and Level Annotations

Branches:
Dungeon (1/15)

Altars:


Innate Abilities, Weirdness & Mutations

You cannot wear most types of armour.
You are very stealthy in the water. (Stealth+)
You are amphibious.
You can wear up to eight rings at the same time.
You can use your tentacles to constrict eight enemies at once.
Your skin changes colour to match your surroundings (Stealth+).
Your rubbery body absorbs attacks. (AC +1, EV +1)
One of your tentacles bears a large vicious spike.


Message History

Welcome, Mgcat the Octopode Transmuter.
Will you be the one to retrieve the fabulous Orb of Zot from the depths?
Press ? for a list of commands and other information.
Found a staircase leading out of the dungeon.
Lua error: attempt to yield across metamethod/C-call boundary Unknown command.
Unknown command.
Unknown command. 2 jackals come into view.
Casting: Beastly Appendage (safe; 10% risk of failure)
Confirm with . or Enter, or press ? or * to list all spells.
One of your tentacles grows a vicious spike.
The jackal barks!
You hear a shout!
A jackal, a hobgoblin and a kobold come into view.
The jackal barks!
You hear a shout!
Your transformation is almost over.
The jackal bites you but does no damage.
You closely miss the jackal. Your grab misses the jackal.
You kill the jackal!
The jackal bites you.
You tentacle-slap the jackal but do no damage.
Your grab misses the jackal. The jackal completely misses you.
You tentacle-slap the jackal but do no damage.
You grab the jackal.
You constrict the jackal, but do no damage.
The jackal misses you.
The hobgoblin shouts!
You tentacle-slap the jackal but do no damage.
Your tentacle spike misses the jackal.
You constrict the jackal.
You hear a shout!
The jackal closely misses you.
You tentacle-slap the jackal.
Your tentacle spike misses the jackal.
You squeeze the jackal.
The jackal is severely wounded.
You constrict the jackal, but do no damage.
The jackal bites you. The jackal closely misses you.
You are too injured to fight recklessly!
You are too injured to fight recklessly!
You tentacle-slap the jackal.
You tentacle-slap the jackal, but do no damage.
The jackal is severely wounded.
You constrict the jackal.
You kill the jackal!
The jackal misses you.
You tentacle-slap the jackal. Your grab misses the jackal.
You pierce the jackal, but do no damage.
The jackal is severely wounded.
The jackal barely misses you.
You tentacle-slap the jackal but do no damage.
Your grab misses the jackal.
The jackal is severely wounded.
The jackal misses you.
You tentacle-slap the jackal but do no damage.
Your grab misses the jackal.
You kill the jackal!
A hobgoblin comes into view.
You barely miss the hobgoblin. You grab the hobgoblin.
You pierce the hobgoblin, but do no damage.
You constrict the hobgoblin, but do no damage.
The hobgoblin hits you with a club.
You barely miss the hobgoblin.
You squeeze the hobgoblin, but do no damage.
Your tentacle spike disappears.
You constrict the hobgoblin, but do no damage.
The hobgoblin barely misses you.
Casting: Beastly Appendage (safe; 9% risk of failure)
Confirm with . or Enter, or press ? or * to list all spells.
One of your tentacles grows a vicious spike.
You constrict the hobgoblin. The hobgoblin hits you with a club.
* * * LOW HITPOINT WARNING * * *
You constrict the hobgoblin. The hobgoblin hits you with a club.
You die...

.## .### ..# ... .). ...
.g #.###.# #.. #.....#
..##### ###.#.#.###
....... #.........# .....
. #.#.#.#.#.#### $.. ...
#.#.....@###.#.....
#.#.###.###.#.#g..g......
#......<......###.##.....
#.#.###.###.#.##..# ..K
#.#......#.## .
#.#.#.####. ......# ..
#.#.### .# .... #.


You could see 2 hobgoblins.

Vanquished Creatures
  3 jackals (D:1)
3 creatures vanquished.

Notes
Turn   | Place    | Note
-------+----------+-------------------------------------------
     0 | D:1      | Mgcat the Octopode Transmuter began the quest for the Orb.
     0 | D:1      | Reached XP level 1. HP: 13/13 MP: 3/3
    37 | D:1      | HP: 1/13 [hobgoblin/club (3)]
    38 | D:1      | Slain by a hobgoblin

Vault maps used:
D:1:      roderic_chinese_lattice_arrival, minmay_misc_feat_iff,
          solitary_fountain

Action                   || total
-------------------------++-------
Melee: Unarmed           ||    11
       Kick              ||     4
       Constrict         ||     2
       Tentacles         ||     2
       Punch             ||     1
 Cast: Beastly Appendage ||     2
Armor: Skin              ||     1
Dodge: Dodged            ||     8

Table legend:
 A = Spawn XP
 B = Non-spawn XP
 C = Spawn XP percentage of total XP
 D = Spawn monster count
 E = Non-spawn monster count
 F = Spawn count percentage of total count
 G = Total turns spent on level
                    A         B        C        D         E        F      G
               +---------+---------+-------+---------+---------+-------+---------
         Total |       0 |       6 |   0.0 |       0 |       3 |   0.0 |    38
               +---------+---------+-------+---------+---------+-------+---------
           D:1 |       0 |       6 |   0.0 |       0 |       3 |   0.0 |    38
               +---------+---------+-------+---------+---------+-------+---------

Vault maps used:
D:1:      roderic_chinese_lattice_arrival, minmay_misc_feat_iff,
          solitary_fountain

Table legend:
 A = Turns spent in this place as a percentage of turns spent in the entire game.
 B = Non-inter-level travel turns spent in this place as a percentage of non-inter-level travel turns spent in the entire game.
 C = Inter-level travel turns spent in this place as a percentage of turns spent in this place.
 D = Turns resting spent in this place as a percentage of non-inter-level travel turns spent in this place.
 E = Turns spent auto-exploring this place as a percentage of non-inter-level travel turns spent in this place.
 F = Non-inter-level travel turns spent in this place divided by the number of levels of this place that you've seen.
                   A       B       C       D       E      F
               +-------+-------+-------+-------+-------+----------------------
         Total | 100.0 | 100.0 |   0.0 |   0.0 |  44.7 |  38.0
       Dungeon | 100.0 | 100.0 |   0.0 |   0.0 |  44.7 |  38.0
               +-------+-------+-------+-------+-------+----------------------

Table legend:
 A = Kills in this place as a percentage of kills in entire the game.
 B = Kills by you in this place as a percentage of kills by you in the entire game.
 C = Kills by friends in this place as a percentage of kills by friends in the entire game.
 D = Other kills in this place as a percentage of other kills in the entire game.
 E = Experience gained in this place as a percentage of experience gained in the entire game.
 F = Experience gained in this place divided by the number of levels of this place that you have seen.
                   A       B       C       D       E      F
               +-------+-------+-------+-------+-------+----------------------
         Total | 100.0 | 100.0 |   N/A |   N/A | 100.0 |   6.0
       Dungeon | 100.0 | 100.0 |   N/A |   N/A | 100.0 |   6.0
               +-------+-------+-------+-------+-------+----------------------
